 Dungeon Crawl Stone Soup version 0.25-a0-731-g0472a16 (webtiles) character file.

Game seed: 10105302375327135223, levelgen mode: deterministic

111 BlueFish the Magician (level 4, -3/32 HPs)
             Began as a Mummy Wizard on Apr 8, 2020.
             Slain by Natasha (6 damage)
             ... on level 3 of the Dungeon.
             The game lasted 00:06:14 (3781 turns).

BlueFish the Magician (Mummy Wizard)                Turns: 3781, Time: 00:06:14

Health: -3/32      AC:  4    Str: 10    XL:     4   Next: 62%
Magic:  4/11       EV: 11    Int: 18    God:
Gold:   119        SH:  0    Dex: 10    Spells: 3/13 levels left

rFire    x . .     SeeInvis .   h - +2 dagger (speed)
rCold    + . .     Gourm    .   (no shield)
rNeg     + + +     Faith    .   a - +0 robe
rPois    ∞         Spirit   .   b - +1 hat
rElec    .         Reflect  .   (no cloak)
rCorr    .         Harm     .   (no gloves)
MR       .....                  g - +0 pair of boots
Stlth    ++........             (no amulet)
HPRegen  0.10/turn              (no ring)
MPRegen  0.12/turn              (no ring)

@: drained
A: no food or potions, fire vulnerability, cold resistance 1, negative energy
resistance 3, torment resistance, unbreathing
a: no special abilities


You were on level 3 of the Dungeon.
You were not hungry.

You visited 1 branch of the dungeon, and saw 3 of its levels.

You collected 119 gold pieces.

Inventory:

Hand Weapons
 f - a +0 dagger
 h - a +2 dagger of speed (weapon)
 i - a +3 dagger of venom
 m - a +1 dagger of venom
Armour
 a - a +0 robe (worn)
 b - a +1 hat (worn)
 g - a +0 pair of boots (worn)
Scrolls
 c - a scroll of noise {unknown}
 d - 3 scrolls of remove curse
 e - a scroll of fear {unknown}
 j - a scroll of amnesia
 k - a scroll of teleportation {unknown}
 l - a scroll of enchant weapon {unknown}


   Skills:
 * Level 1.3(0.3) Fighting
 + Level 0.1(0.0) Short Blades
 * Level 2.0(1.0) Dodging
 * Level 2.3(1.3) Stealth
 * Level 5.4(4.3) Spellcasting
 + Level 1.1(0.1) Conjurations
 + Level 0.9(0.0) Summonings
 + Level 0.7(0.0) Translocations


You had 3 spell levels left.
You knew the following spells:

 Your Spells              Type           Power        Failure   Level  Hunger
a - Magic Dart            Conj           #...         14%         1    N/A
b - Blink                 Tloc           N/A          22%         2    N/A
c - Call Imp              Summ           #.......     22%         2    N/A
d - Slow                  Hex            #.......     22%         2    N/A
e - Mephitic Cloud        Conj/Pois/Air  #.......     38%         3    N/A

Your spell library contained the following spells:

 Spells                   Type           Power        Failure   Level  Hunger
 Corona                   Hex            #......      14%         1    N/A
 Ensorcelled Hibernation  Hex/Ice        #.....       22%         2    N/A
 Conjure Flame            Conj/Fire      #.......     38%         3    N/A
 Dazzling Flash           Conj/Hex       #.....       38%         3    N/A
 Confusing Touch          Hex            #.......     41%         3    N/A
 Tukima's Dance           Hex            #.......     41%         3    N/A

Dungeon Overview and Level Annotations

Branches:
Dungeon (3/15)

Altars:
Sif Muna
Trog

Annotations:
D:3 Natasha


Innate Abilities, Weirdness & Mutations

You do not eat or drink.
Your flesh is vulnerable to fire.
You are immune to poison.
Your flesh is cold resistant. (rC+)
You are immune to negative energy. (rN+++)
You are immune to unholy pain and torment.
You can survive without breathing.


Message History

The crimson imp hits you but does no damage.
Natasha mewls in sadness.
Natasha stares at you and mumbles some strange words.
The magic dart hits you! The shadow imp hits your crimson imp.
Your crimson imp closely misses the shadow imp.
Your white imp hits the shadow imp but does no damage.
Something hits your crimson imp.
You barely miss Natasha.
Natasha is lightly wounded.
Natasha claws you!
* * * LOW HITPOINT WARNING * * *
Your crimson imp closely misses Natasha.
The shadow imp barely misses your crimson imp.
Your crimson imp hits the shadow imp.
Your white imp gestures at the shadow imp.
The puff of frost hits the shadow imp.
The shadow imp resists.
The crimson imp closely misses you.
You hit the crimson imp but do no damage.
Natasha claws you.
You die...

#.##...####..................#...
..............####.##...#..#...##
#.##...####...)....##...#..##.##
#......# #...#######<......#.#
#..##.#####.............#..##.#
#..##..........55...#.###..##.#
#..#...####.#.#5......# #..##.##
...............h#5#.### #..#...##
#.##...#.##...#.@....####....#...
#.......>..........)....).##...##
..###.######.###.....########.##
..# #.# #......#.## ##.## ..###.#
#####.##.# #... #.....#
#.##.##########.## #..####
#.##.##.........# ...#
#....##)##..##### #..#
#.#####.###'#####


You could see Natasha, a crimson imp, a friendly crimson imp and a friendly
white imp.

Vanquished Creatures
  An adder (D:3)
  A worm (D:2)
  2 dart slugs
  2 leopard geckos
  2 orcs (D:3)
  3 bats
  3 giant cockroaches
  6 goblins
  13 hobgoblins
  2 jackals (D:2)
  3 frilled lizards
  4 kobolds
  6 rats
48 creatures vanquished.

Vanquished Creatures (collateral kills)
  Natasha (twice) (D:3)
  Terence (D:3)
  A worm (D:2)
4 creatures vanquished.

Grand Total: 52 creatures vanquished

Notes
Turn   | Place    | Note
-------+----------+-------------------------------------------
     0 | D:1      | BlueFish the Mummy Wizard began the quest for the Orb.
     0 | D:1      | Reached XP level 1. HP: 13/13 MP: 5/5
   294 | D:1      | Reached XP level 2. HP: 18/19 MP: 5/7
   298 | D:1      | Learned a level 2 spell: Blink
   301 | D:1      | Learned a level 2 spell: Call Imp
   304 | D:1      | Learned a level 2 spell: Slow
  1338 | D:2      | Reached XP level 3. HP: 25/25 MP: 0/9
  1343 | D:2      | Learned a level 3 spell: Mephitic Cloud
  1978 | D:2      | Found a shimmering blue altar of Sif Muna.
  2222 | D:2      | Reached skill level 5 in Spellcasting
  2730 | D:3      | Reached skill level 1 in Fighting
  3162 | D:3      | Reached skill level 1 in Conjurations
  3162 | D:3      | Reached XP level 4. HP: 30/32 MP: 9/11
  3259 | D:3      | Found a bloodstained altar of Trog.
  3323 | D:3      | Noticed Natasha
  3324 | D:3      | Noticed Terence
  3335 | D:3      | Killed Natasha
  3360 | D:3      | Killed Terence
  3689 | D:3      | Noticed Natasha
  3708 | D:3      | Killed Natasha
  3760 | D:3      | Noticed Natasha
  3781 | D:3      | Slain by Natasha

Levels and vault maps discovered:
D:1:      dpeg_arrival_more_subterranean_lakeside_camping, layout_loops_ring
D:2:      layout_basic, lemuel_blue_sif_altar
D:3:      layout_loops_ring, lemuel_round_altar, first_ration,
          corexii_corridor_pit, chequers_serial_rivers_room_a,
          chequers_serial_rivers_room_a, chequers_jeans, minmay_misc_feat_tower,
          nrook_uturn, minivault_24, uniq_terence, uniq_natasha

Skill      XL: |  1  2  3  4 |
---------------+-------------+-----
Stealth        | 2 |  2.3
Spellcasting   | 5 |  5.4
Fighting       | 1 |  1.3
Conjurations   | 1 |  1.1
Dodging        | 2 |  2.0
Short Blades   | |  0.1
Summonings     | |  0.9
Translocations | |  0.7

Action                   |  1- 3 |  4- 6 || total
-------------------------+-------+-------++-------
Melee: Club              |    10 |       ||    10
       Dagger            |    35 |    18 ||    53
 Cast: Magic Dart        |   119 |     7 ||   126
       Call Imp          |     6 |    14 ||    20
  Use: Scroll            |     4 |       ||     4
Armor: Robe              |     5 |     2 ||     7
Dodge: Dodged            |    42 |    13 ||    55

Table legend:
 A = Non-vault XP
 B = Vault XP
 C = Vault XP percentage of total XP
 D = Non-vault monster count
 E = Vault monster count
 F = Vault count percentage of total count
                 A         B        C        D         E       F
            +---------+---------+-------+---------+---------+-------
      Total |     123 |      36 |  22.6 |      50 |       2 |   3.8
            +---------+---------+-------+---------+---------+-------
        D:1 |      29 |       0 |   0.0 |      16 |       0 |   0.0
        D:2 |      43 |       0 |   0.0 |      23 |       0 |   0.0
        D:3 |      51 |      36 |  41.4 |      11 |       2 |  15.4
            +---------+---------+-------+---------+---------+-------
